 Dungeon Crawl Stone Soup version 0.31-a0-654-gbe3e110b4e (webtiles) character file.

Game seed: 5592087168203431802

404 Dittersdorf the Covered (level 6, -3/40 HPs)
             Began as a Gargoyle Fighter on Aug 29, 2023.
             Slain by a gnoll
             ... wielding a +0 club
              (5 damage)
             ... on level 4 of the Dungeon.
             The game lasted 00:04:22 (2416 turns).

Dittersdorf the Covered (Gargoyle Fighter)          Turns: 2416, Time: 00:04:23

Health: -3/40      AC: 25    Str: 21    XL:     6   Next: 86%
Magic:  6/6        EV:  9    Int:  9    God:
Gold:   141        SH:  4    Dex:  9    Spells: 5/5 levels left

rFire   . . .        s - +0 flail (protect)
rCold   . . .        c - +0 buckler
rNeg    + . .        b - +0 scale mail
rPois   ∞            (no helmet)
rElec   +            (no cloak)
rCorr   .            x - +0 pair of gloves
SInv    .            v - +0 pair of boots
Will    +....        (no amulet) Stlth
                     h - +4 ring of protection
HPRegen 0.26/turn    l - ring of willpower
MPRegen 0.10/turn

%: no passive effects
@: under a protective aura
A: sickness immunity, AC +4, negative energy resistance 1, electricity
resistance, torment resistance 1, petrification resistance
a: no special abilities


You were on level 4 of the Dungeon.
You visited 1 branch of the dungeon, and saw 4 of its levels.

You collected 141 gold pieces.

Inventory:

Hand Weapons
 s - a +0 flail of protection (weapon)
Missiles
 o - 12 poisoned darts (quivered)
Armour
 b - a +0 scale mail (worn)
 c - a +0 buckler (worn)
 k - a +0 plate armour
 v - a +0 pair of boots (worn)
 x - a +0 pair of gloves (worn)
Jewellery
 h - a +4 ring of protection (left hand)
 l - a ring of willpower (right hand)
 r - a ring of ice
 E - a ring of flight
Wands
 C - a wand of flame (8)
Scrolls
 g - 2 scrolls of fog {unknown}
 j - a scroll of amnesia {unknown}
 m - a scroll of teleportation {unknown}
 n - a scroll of vulnerability {unknown}
 p - a scroll of butterflies {unknown}
 q - 2 scrolls of identify {unknown}
 t - a scroll of poison {unknown}
 u - a scroll of enchant armour {unknown}
 w - a scroll of fear {unknown}
 y - a scroll of immolation {unknown}
 A - a scroll of revelation {unknown}
 F - a scroll of noise {unknown}
Potions
 a - 3 potions of mutation {unknown}
 d - a potion of might
 e - 4 potions of curing {unknown}
 f - a potion of heal wounds {unknown}
 i - 2 potions of attraction {unknown}
 z - a potion of cancellation {unknown}
 B - 2 potions of enlightenment {unknown}
 D - a potion of haste {unknown}


   Skills:
 + Level 4.9 Fighting
 + Level 3.8 Maces & Flails
 + Level 5.0 Armour
 + Level 5.0 Shields


You had 5 spell levels left.
You didn't know any spells.
Your spell library was empty.

Dungeon Overview and Level Annotations

Branches:
Dungeon (4/15)
 Temple: D:4-7

Altars:


Innate Abilities, Weirdness & Mutations

You are immune to sickness and miasma.
Your stone body is resilient. (AC +4)
You are immune to poison.
You resist negative energy. (rN+)
You are resistant to electric shocks. (rElec)
You are resistant to unholy torment.
You are immune to petrification.


Message History

The gnoll barely misses you. The gnoll hits you but does no damage.
You block the gnoll's attack.
You are too injured to fight recklessly!
You are too injured to fight recklessly!
You are too injured to fight recklessly!
You are too injured to fight recklessly!
You are too injured to fight recklessly!
You are too injured to fight recklessly!
You are too injured to fight recklessly!
You are too injured to fight recklessly!
You are too injured to fight recklessly!
You are too injured to fight recklessly!
You are too injured to fight recklessly!
You are too injured to fight recklessly!
You are too injured to fight recklessly!
You are too injured to fight recklessly!
You are too injured to fight recklessly!
You are too injured to fight recklessly!
You are too injured to fight recklessly!
You are too injured to fight recklessly!
You hit the gnoll.
Your weapon exudes an aura of protection.
The gnoll is heavily wounded.
The gnoll hits you with a +0 halberd.
* * * LOW HITPOINT WARNING * * *
The gnoll hits you but does no damage. x2
You closely miss the gnoll.
The gnoll is heavily wounded.
The gnoll barely misses you. x3
You thump the gnoll!
The gnoll is almost dead.
The gnoll hits you with a +0 halberd.
* * * LOW HITPOINT WARNING * * *
The gnoll hits you but does no damage. x2
You sock the gnoll!
You kill the gnoll!
The gnoll hits you with a +0 club.
* * * LOW HITPOINT WARNING * * *
The gnoll hits you but does no damage. The gnoll hits you with a +0 club.
You die...

## ##.#
##...##
#...>.##
#.)gg###
#@...#
#...##
###..## ###
#.....#
##.###.....#
#...#...#.##
#.......###
##[.......#
#####
#.##......##
####.......


You could see 2 gnolls.

Vanquished Creatures
  A black bear (D:3)
  An ogre (D:3)
  A scorpion (D:4)
  A jelly (D:4)
  An orc wizard (D:3)
  2 gnolls (D:4)
  4 adders
  2 worms (D:2)
  2 dart slugs
  3 orcs (D:3)
  4 endoplasms
  2 giant cockroaches (D:1)
  4 goblins
  5 hobgoblins
  3 jackals (D:1)
  3 kobolds
  2 quokkas
  12 ball pythons
  3 bats
  3 frilled lizards
  9 rats
68 creatures vanquished.

Notes
Turn   | Place    | Note
-------+----------+-------------------------------------------
     0 | D:1      | Dittersdorf the Gargoyle Fighter began the quest for the
                  | Orb.
     0 | D:1      | Reached XP level 1. HP: 14/14 MP: 1/1
    78 | D:1      | Reached XP level 2. HP: 19/19 MP: 2/2
   176 | D:1      | Found a faded altar of an unknown god.
   536 | D:2      | Reached XP level 3. HP: 23/23 MP: 3/3
  1013 | D:2      | Reached XP level 4. HP: 29/29 MP: 4/4
  1575 | D:3      | Reached XP level 5. HP: 33/33 MP: 5/5
  2028 | D:4      | Noticed an ogre
  2039 | D:3      | Killed an ogre
  2132 | D:4      | Reached XP level 6. HP: 39/39 MP: 6/6
  2154 | D:4      | Noticed a black bear
  2194 | D:3      | Killed a black bear
  2261 | D:4      | Reached skill level 5 in Armour
  2371 | D:4      | Reached skill level 5 in Shields
  2416 | D:4      | HP: 2/40 [gnoll/+0 club (6)]
  2416 | D:4      | Slain by a gnoll

Illustrated notes

Levels and vault maps discovered:
D:1:      dpeg_arrival_fog, layout_rooms, nicolae_ecumenical_lake_church,
          minmay_cupped
D:2:      layout_loops_ring, minmay_pentomino_p2
D:3:      layout_rooms, chequers_big_river
D:4:      layout_cave_pools, uniq_crazy_yiuf_cottage

Skill      XL: |  1  2  3  4  5  6 |
---------------+-------------------+-----
Armour         | 4 5 |  5.0
Shields        | 4 5 |  5.0
Fighting       | 4 |  4.9
Maces & Flails | 3 |  3.8

Action                     |  1- 3 |  4- 6 || total
---------------------------+-------+-------++-------
  Melee: Flail             |   132 |   138 ||   270
  Throw: Dart              |       |    12 ||    12
 Armour: Scale mail        |   102 |   141 ||   243
  Dodge: Dodged            |    94 |    95 ||   189
  Block: Buckler           |    44 |    51 ||    95

Table legend: (Time is in decaauts)
 A = Elapsed time spent in this place.
 B = Non-inter-level travel time spent in this place.
 C = Inter-level travel time spent in this place.
 D = Time resting spent in this place.
 E = Time spent auto-exploring this place.
 F = Levels seen in this place.
 G = Mean time per level.
                   A        B        C        D        E       F      G
               +--------+--------+--------+--------+--------+-----+--------+
         Total |   2507 |   2382 |    125 |    109 |   1616 |   4 |  626.8 |
       Dungeon |   2507 |   2382 |    125 |    109 |   1616 |   4 |  626.8 |
               +--------+--------+--------+--------+--------+-----+--------+

Top non-repeatable levels by time:
     D:3: 861 daAuts
     D:2: 832 daAuts
     D:1: 562 daAuts
     D:4: 251 daAuts
